[Event "January 9 Early 2024"]
[Site "https://www.chess.com"]
[Date "2024.01.11"]
[Round "3"]
[White "Carre, Sylvain"]
[Black "Panda Sambit"]
[Result "1/2-1/2"]
[Board "149"]
[TimeControl "180+1"]
[WhiteFideId "642118"]
[BlackFideId "25091794"]
[WhiteElo "2373"]
[BlackElo "2577"]
[WhiteTeam "FRA"]
[BlackTeam "IND"]
[WhiteClock "0:00:06"]
[BlackClock "0:00:14"]

1. d4 e6 2. Bf4 c5 3. e3 Nc6 4. c3 d5 5. Nd2 Nf6 6. Ngf3 cxd4 7. exd4 Nh5 8. Bg3 g6 9. Bb5 Nxg3 10. hxg3 Bd7 11. Qe2 f6 12. g4 Bd6 13. Qe3 g5 14. Rh6 Qa5 15. Bxc6 bxc6 16. Rxf6 Bf4 17. Rxe6+ Bxe6 18. Qxe6+ Kf8 19. Qf6+ Kg8 20. Nxg5 Re8+ 21. Kd1 Qc7 22. Ne6 Qd7 23. Nxf4 Qxg4+ 24. Nf3 Re4 25. Qd8+ Kg7 26. Qc7+ Kg8 27. Qd8+ Kg7 28. Qc7+ Kg8 29. Qd8+ 1/2-1/2

[Event "January 9 Early 2024"]
[Site "https://www.chess.com"]
[Date "2024.01.11"]
[Round "3"]
[White "De Souza, Cristiano Gomes"]
[Black "Salman, Ilhan Serhat"]
[Result "1/2-1/2"]
[Board "150"]
[TimeControl "180+1"]
[WhiteFideId "2151758"]
[BlackFideId "6361579"]
[WhiteElo "2248"]
[BlackElo "2497"]
[WhiteTeam "BRA"]
[BlackTeam "TUR"]
[WhiteClock "0:00:44"]
[BlackClock "0:00:21"]

1. d4 g6 2. c4 b6 3. Nf3 Bb7 4. g3 Bg7 5. Bg2 Nf6 6. O-O O-O 7. Nc3 d5 8. Ne5 c6 9. b3 Nbd7 10. Nxd7 Qxd7 11. cxd5 Nxd5 12. Nxd5 cxd5 13. Ba3 Rfc8 14. Qd2 Rc7 15. Rfc1 Rac8 16. Rxc7 Rxc7 17. e3 e6 18. Rc1 Qc8 19. Bf1 Bf8 20. Rxc7 Qxc7 21. Qc1 Qxc1 22. Bxc1 Bb4 23. Bd3 Kf8 24. Kf1 Ke7 25. Ke2 h5 26. Bd2 Bd6 27. f4 a5 28. Bb5 Bc8 29. Kd3 Bd7 30. Bxd7 Kxd7 31. e4 Kc6 32. e5 Be7 33. h3 Kb5 34. g4 hxg4 35. hxg4 a4 36. Bc3 Bh4 37. Ke3 Be7 38. Kd3 Ba3 39. Ke3 Bc1+ 40. Kf3 a3 41. Be1 Bb2 42. Ke3 Bc1+ 43. Bd2 Bb2 44. Kd3 Kc6 45. Be1 Kb5 46. Bc3 Bc1 47. Bd2 Bb2 48. Bc3 Bc1 49. Bd2 Bb2 50. Bc3 1/2-1/2

[Event "January 9 Early 2024"]
[Site "https://www.chess.com"]
[Date "2024.01.11"]
[Round "3"]
[White "Van Foreest, Jorden"]
[Black "Shuvalova, Polina"]
[Result "1-0"]
[Board "151"]
[TimeControl "180+1"]
[WhiteFideId "1039784"]
[BlackFideId "24171760"]
[WhiteElo "3023"]
[BlackElo "2755"]
[WhiteTeam "NED"]
[BlackTeam "RUS"]
[WhiteClock "0:00:27"]
[BlackClock "0:00:03"]

1. d4 Nf6 2. c4 e6 3. Nf3 d5 4. Bg5 Be7 5. e3 O-O 6. Qc2 Nbd7 7. Nc3 h6 8. Bh4 c5 9. cxd5 Nxd5 10. Bxe7 Qxe7 11. Nxd5 exd5 12. Be2 b6 13. O-O Bb7 14. Rac1 Rfc8 15. Qa4 Bc6 16. Qa3 Qf8 17. b3 a5 18. Rb1 Nf6 19. Ne5 Bd7 20. Nxd7 Nxd7 21. dxc5 bxc5 22. Rfd1 Nf6 23. Bf3 a4 24. bxa4 Rd8 25. a5 c4 26. Qxf8+ Kxf8 27. Rb5 Ra6 28. Kf1 Ke7 29. Bxd5 Rad6 30. e4 Nxe4 31. a6 Rxa6 32. Re1 f5 33. f3 Rad6 34. fxe4 1-0

[Event "January 9 Early 2024"]
[Site "https://www.chess.com"]
[Date "2024.01.11"]
[Round "3"]
[White "Belov, Alexei"]
[Black "Essing, Arnold"]
[Result "1-0"]
[Board "152"]
[TimeControl "180+1"]
[WhiteFideId "4128206"]
[BlackFideId "4619862"]
[WhiteElo "2550"]
[BlackElo "2269"]
[WhiteTeam "RUS"]
[BlackTeam "GER"]
[WhiteClock "0:00:34"]
[BlackClock "0:00:06"]

1. e4 Nf6 2. e5 Nd5 3. d4 d6 4. Nf3 g6 5. Bc4 Nb6 6. Bb3 Bg7 7. O-O O-O 8. c3 Bg4 9. exd6 cxd6 10. h3 Bxf3 11. Qxf3 Nc6 12. Nd2 e5 13. dxe5 dxe5 14. Ne4 h6 15. Be3 Qc7 16. Nf6+ Kh8 17. Rad1 Qe7 18. Nd5 Nxd5 19. Bxd5 Rac8 20. b4 e4 21. Bxe4 Ne5 22. Qg3 b6 23. Bd4 Qe6 24. Rfe1 Rfe8 25. f4 Nc4 26. Bb7 Bxd4+ 27. cxd4 Qd6 28. Bxc8 Rxc8 29. Qh4 Kg7 30. f5 g5 31. Qf2 Qf6 32. d5 a6 33. Qd4 b5 34. d6 Rd8 35. d7 Qxd4+ 36. Rxd4 Kf6 37. Re8 1-0

[Event "January 9 Early 2024"]
[Site "https://www.chess.com"]
[Date "2024.01.11"]
[Round "3"]
[White "Gutierrez Olivares, Daniel"]
[Black "Yeritsyan, Hayk"]
[Result "1-0"]
[Board "153"]
[TimeControl "180+1"]
[WhiteFideId "2264005"]
[BlackFideId "13307320"]
[WhiteElo "2475"]
[BlackElo "2637"]
[WhiteTeam "ESP"]
[BlackTeam "ARM"]
[WhiteClock "0:00:25"]
[BlackClock "0:00:24"]

1. Nf3 Nf6 2. g3 g6 3. c4 Bg7 4. Bg2 O-O 5. O-O d5 6. Na3 d4 7. e3 c5 8. exd4 cxd4 9. d3 Nc6 10. Re1 Re8 11. Ne5 Nxe5 12. Rxe5 Nd7 13. Re1 e5 14. Nb5 Qb6 15. a4 a6 16. a5 Qd8 17. Nd6 Re6 18. Nxb7 Bxb7 19. Bxb7 Rb8 20. Bd5 Re8 21. Qf3 Nf6 22. Bc6 Re6 23. Ra4 Rb3 24. Qd1 Qb8 25. Bg2 Nd7 26. Ra3 Rxa3 27. bxa3 Nc5 28. Bd5 Re8 29. Qf3 Qc7 30. Bd2 Rf8 31. Bb4 Kh8 32. Bc6 Qd6 33. Bd5 f5 34. h4 e4 35. dxe4 fxe4 36. Qg4 h5 37. Bxc5 Qxc5 38. Qxg6 d3 39. Qxh5+ 1-0

[Event "January 9 Early 2024"]
[Site "https://www.chess.com"]
[Date "2024.01.11"]
[Round "3"]
[White "Urquhart, Ed"]
[Black "Kantans, Toms"]
[Result "1-0"]
[Board "154"]
[TimeControl "180+1"]
[WhiteFideId "2603748"]
[BlackFideId "11602945"]
[WhiteElo "2450"]
[BlackElo "2619"]
[WhiteTeam "CAN"]
[BlackTeam "LAT"]
[WhiteClock "0:00:33"]
[BlackClock "0:00:04"]

1. e4 c5 2. Nc3 Nc6 3. f4 g6 4. Nf3 Bg7 5. a3 e6 6. b4 cxb4 7. axb4 Nxb4 8. Ba3 Nc6 9. e5 Nge7 10. Ne4 O-O 11. Bd3 f5 12. Nd6 b6 13. h4 Nd5 14. g3 Ndb4 15. Be2 Ba6 16. Bxa6 Nxa6 17. h5 gxh5 18. Rxh5 Nc5 19. d3 h6 20. Qe2 Qe7 21. d4 Ne4 22. Nxe4 fxe4 23. Bxe7 exf3 24. Qxf3 Nxe7 25. Qg4 Nf5 26. c3 a5 27. Kd2 b5 28. Rhh1 Rfc8 29. Rhb1 b4 30. cxb4 Nxd4 31. Rxa5 Rab8 32. b5 Kh8 33. Qg6 Bf8 34. b6 Nf5 35. b7 Rd8 36. Ra8 Rxa8 37. bxa8=Q Rxa8 38. Qf7 Ne7 39. Rb7 Re8 40. Rxd7 Rc8 41. Rxe7 1-0

[Event "January 9 Early 2024"]
[Site "https://www.chess.com"]
[Date "2024.01.11"]
[Round "3"]
[White "Gutkin, Ilya"]
[Black "Tulchynskyi, Feliks"]
[Result "1-0"]
[Board "155"]
[TimeControl "180+1"]
[WhiteFideId "16203470"]
[BlackFideId "34127895"]
[WhiteElo "2344"]
[BlackElo "2556"]
[WhiteTeam "GER"]
[BlackTeam "UKR"]
[WhiteClock "0:00:17"]
[BlackClock "0:00:08"]

1. Nf3 Nf6 2. g3 g6 3. b3 Bg7 4. Bb2 O-O 5. Bg2 c5 6. c4 d5 7. cxd5 Nxd5 8. Bxg7 Kxg7 9. O-O Nc6 10. d4 cxd4 11. Nxd4 Nxd4 12. Qxd4+ Nf6 13. Qe5 Qd6 14. Qxd6 exd6 15. Nc3 Rd8 16. Rfd1 a6 17. Rac1 Ra7 18. Nd5 b5 19. Nb4 Bb7 20. Rc7 Rb8 21. Nc6 Ne8 22. Re7 Kf8 23. Rxe8+ Rxe8 24. Nxa7 Bxg2 25. Kxg2 Rxe2 26. Rxd6 Rxa2 27. b4 a5 28. Ra6 a4 29. Nxb5 Ke7 30. Nc3 Ra3 31. Nxa4 h5 32. b5 Kd7 33. Nc5+ 1-0

[Event "January 9 Early 2024"]
[Site "https://www.chess.com"]
[Date "2024.01.11"]
[Round "3"]
[White "Foisor, Sabina-Francesca"]
[Black "Vakhlamov, Igor L."]
[Result "1-0"]
[Board "156"]
[TimeControl "180+1"]
[WhiteFideId "1212915"]
[BlackFideId "24126748"]
[WhiteElo "2474"]
[BlackElo "2755"]
[WhiteTeam "USA"]
[BlackTeam "RUS"]
[WhiteClock "0:00:19"]
[BlackClock "0:00:04"]

1. d4 d5 2. c4 e6 3. Nc3 c5 4. cxd5 cxd4 5. Qxd4 Nc6 6. Qd1 exd5 7. Qxd5 Bd6 8. Bg5 Nge7 9. Bxe7 Qxe7 10. e3 O-O 11. Nf3 Be6 12. Qg5 f6 13. Qh4 Nb4 14. Rc1 Rac8 15. Be2 Nxa2 16. Nxa2 Bb4+ 17. Nc3 g5 18. Qe4 Qd6 19. O-O Rfe8 20. Qxb7 Re7 21. Qb5 Rb8 22. Qd3 Qc5 23. Rfd1 Kh8 24. Qd4 Kg7 25. Qxc5 Bxc5 26. h3 Rxb2 27. Bd3 Bb4 28. Ne4 Bb3 29. Rb1 1-0

[Event "January 9 Early 2024"]
[Site "https://www.chess.com"]
[Date "2024.01.11"]
[Round "3"]
[White "Ronka, Erik"]
[Black "Terry, Renato"]
[Result "0-1"]
[Board "157"]
[TimeControl "180+1"]
[WhiteFideId "505080"]
[BlackFideId "3803457"]
[WhiteElo "2526"]
[BlackElo "2980"]
[WhiteTeam "FIN"]
[BlackTeam "PER"]
[WhiteClock "0:00:02"]
[BlackClock "0:00:32"]

1. e4 e6 2. d4 d5 3. Nc3 Nf6 4. e5 Nfd7 5. f4 c5 6. Nf3 Nc6 7. Be3 Be7 8. Qd2 O-O 9. dxc5 Qa5 10. a3 Nxc5 11. Rd1 Qc7 12. b4 Ne4 13. Nxe4 dxe4 14. Nd4 Rd8 15. Qc3 a6 16. Nxc6 Rxd1+ 17. Kxd1 bxc6 18. Bc5 a5 19. Be2 axb4 20. axb4 Bxc5 21. bxc5 e3 22. Bd3 Ba6 23. Ke2 Bxd3+ 24. cxd3 Qd8 25. Ra1 Rb8 26. g3 Qd5 27. Kxe3 g5 28. fxg5 Kg7 29. Re1 Qg2 30. Qd2 Qd5 31. Qf2 Qxe5+ 32. Kf3 Qd5+ 33. Kg4 Rb4+ 34. Kh3 Qxg5 35. Rf1 f6 36. Kg2 Qd5+ 37. Kg1 Qe5 38. Kg2 Rb2 0-1

[Event "January 9 Early 2024"]
[Site "https://www.chess.com"]
[Date "2024.01.11"]
[Round "3"]
[White "Timerkhanov, Alexander"]
[Black "Radjabov, Teimour"]
[Result "0-1"]
[Board "158"]
[TimeControl "180+1"]
[WhiteFideId "24177938"]
[BlackFideId "13400924"]
[WhiteElo "2661"]
[BlackElo "3030"]
[WhiteTeam "RUS"]
[BlackTeam "AZE"]
[WhiteClock "0:00:23"]
[BlackClock "0:00:12"]

1. d4 Nf6 2. Bg5 c6 3. Nd2 Qa5 4. Bxf6 exf6 5. c3 d5 6. e3 f5 7. g3 Nd7 8. Bg2 Nf6 9. Ne2 Be7 10. O-O Be6 11. Nf4 Bd6 12. Qc2 g5 13. Nd3 h5 14. c4 h4 15. Ne5 Bxe5 16. dxe5 Ng4 17. Nf3 dxc4 18. Nxg5 Qxe5 19. Qc3 Qxc3 20. bxc3 O-O-O 21. e4 fxe4 22. Nxe4 Bd5 23. Ng5 hxg3 24. hxg3 Rh5 25. Bxd5 cxd5 26. f4 Rdh8 27. Rfe1 f6 28. Nf7 R8h7 29. Re7 Rh1+ 30. Kg2 Rxf7 31. Rxf7 Rxa1 32. Kf3 Nh2+ 33. Kg2 Rxa2+ 34. Kh3 d4 35. cxd4 c3 36. Rxf6 c2 0-1

[Event "January 9 Early 2024"]
[Site "https://www.chess.com"]
[Date "2024.01.11"]
[Round "3"]
[White "Santiago, Yago De Moura"]
[Black "Shuvalov, Evgenij"]
[Result "1/2-1/2"]
[Board "159"]
[TimeControl "180+1"]
[WhiteFideId "2103877"]
[BlackFideId "4187237"]
[WhiteElo "2795"]
[BlackElo "2519"]
[WhiteTeam "BRA"]
[BlackTeam "FID"]
[WhiteClock "0:00:31"]
[BlackClock "0:00:10"]

1. d4 Nf6 2. c4 g6 3. Nc3 d5 4. Nf3 Bg7 5. h4 dxc4 6. e4 c5 7. d5 O-O 8. h5 Nxh5 9. Bxc4 Bg4 10. Be2 Nd7 11. Qc2 e6 12. Bg5 Qa5 13. Bd2 Qb6 14. O-O-O Nhf6 15. Rh4 h5 16. Be3 exd5 17. Nxd5 Nxd5 18. Rxd5 Be6 19. g4 Bxd5 20. exd5 Nf6 21. gxh5 Nxh5 22. Ng5 Nf6 23. Bc4 Qd6 24. Bf4 Qd7 25. f3 b5 26. Qh2 bxc4 27. Be5 Rfe8 28. Bxf6 Bxf6 29. Rh8+ Bxh8 30. Qh7+ Kf8 31. Qxh8+ Ke7 32. Qg7 Qf5 33. Ne4 Rab8 34. Qc3 Kd7 35. Qa5 Rxe4 36. Qxa7+ Kc8 37. Qxc5+ Kd8 38. Qd6+ Kc8 39. Qc6+ Kd8 40. Qd6+ Kc8 41. Qc6+ Kd8 42. Qd6+ 1/2-1/2

[Event "January 9 Early 2024"]
[Site "https://www.chess.com"]
[Date "2024.01.11"]
[Round "3"]
[White "Harriott, Tyrell"]
[Black "Leyva Proenza, Richard"]
[Result "1-0"]
[Board "160"]
[TimeControl "180+1"]
[WhiteFideId "2086484"]
[BlackFideId "3500985"]
[WhiteElo "2358"]
[BlackElo "2564"]
[WhiteTeam "USA"]
[BlackTeam "VEN"]
[WhiteClock "0:00:13"]
[BlackClock "0:00:17"]

1. d4 Nf6 2. e3 g6 3. Bd3 Bg7 4. f4 d6 5. Nf3 O-O 6. O-O Nc6 7. e4 Bg4 8. c3 e5 9. d5 Ne7 10. fxe5 dxe5 11. c4 c6 12. Nc3 Nd7 13. Be3 f5 14. Qd2 cxd5 15. cxd5 fxe4 16. Nxe4 Nf5 17. Bg5 Qb6+ 18. Kh1 h6 19. h3 Bxf3 20. Rxf3 hxg5 21. Qxg5 Bh6 22. Qg4 Kh7 23. d6 Rf7 24. Raf1 Rg8 25. Bc4 Rfg7 26. Rxf5 gxf5 27. Qxf5+ Kh8 28. Qh5 Kh7 29. Bd3 Qe3 30. Ng5+ Kh8 31. Qxh6+ 1-0

[Event "January 9 Early 2024"]
[Site "https://www.chess.com"]
[Date "2024.01.11"]
[Round "3"]
[White "Lymar, Vladislav"]
[Black "Vela Frago, Alberto"]
[Result "0-1"]
[Board "161"]
[TimeControl "180+1"]
[WhiteFideId "14162180"]
[BlackFideId "24531685"]
[WhiteElo "2533"]
[BlackElo "2294"]
[WhiteTeam "UKR"]
[BlackTeam "ESP"]
[WhiteClock "0:00:02"]
[BlackClock "0:00:30"]

1. d4 Nf6 2. c4 e6 3. Bf4 c5 4. d5 h6 5. Nc3 exd5 6. cxd5 d6 7. Nf3 g5 8. Bg3 Nh5 9. e4 Nxg3 10. hxg3 Bg7 11. Nd2 Nd7 12. Be2 a6 13. a4 Ne5 14. f4 Ng6 15. Bh5 gxf4 16. Bxg6 fxg6 17. gxf4 O-O 18. Qf3 Rb8 19. g3 b5 20. axb5 axb5 21. O-O Bh3 22. Rfe1 Qd7 23. Kh2 Bg4 24. Qg2 c4 25. Nf3 b4 26. Nd1 c3 27. bxc3 bxc3 28. Rc1 Rb2 29. Re2 Rxe2 30. Qxe2 Rb8 31. Nxc3 Qc8 32. Na2 Qd8 33. Rc2 Rb3 34. Qa6 Bxf3 35. Rc8 Rb2+ 36. Kg1 Bd4+ 37. Kf1 Rb1+ 0-1

[Event "January 9 Early 2024"]
[Site "https://www.chess.com"]
[Date "2024.01.11"]
[Round "3"]
[White "Pinheiro, Iung Alicio de O."]
[Black "Costachi, Mihnea"]
[Result "0-1"]
[Board "162"]
[TimeControl "180+1"]
[WhiteFideId "2104350"]
[BlackFideId "1217518"]
[WhiteElo "2597"]
[BlackElo "2861"]
[WhiteTeam "BRA"]
[BlackTeam "ROU"]
[WhiteClock "0:00:04"]
[BlackClock "0:00:30"]

1. d4 Nf6 2. Nf3 g6 3. Nc3 d5 4. Bf4 Bg7 5. e3 c6 6. Be2 O-O 7. Ne5 Nfd7 8. h4 Nxe5 9. Bxe5 f6 10. Bg3 e5 11. h5 Bf5 12. hxg6 Bxg6 13. Bd3 Qe7 14. Bxg6 hxg6 15. Kf1 f5 16. Bxe5 Bxe5 17. dxe5 Qxe5 18. Ne2 Nd7 19. Nf4 Kg7 20. c4 Rh8 21. Rxh8 Rxh8 22. Kg1 g5 23. Nh3 Nf6 24. cxd5 Nxd5 25. Qb3 b6 26. Rd1 Qf6 27. Qa4 a5 28. Rc1 Rc8 29. a3 Qxb2 30. Rxc6 b5 31. Qxa5 Rxc6 32. Qd8 Qa1+ 33. Kh2 Qe5+ 34. g3 Ne7 35. Qe8 Rh6 36. Kg2 g4 37. Nf4 Qe4+ 38. Kf1 Rh1+ 39. Ke2 Qc2# 0-1

[Event "January 9 Early 2024"]
[Site "https://www.chess.com"]
[Date "2024.01.11"]
[Round "3"]
[White "Nakamura, Hikaru"]
[Black "Molina, Roberto Junio Brito"]
[Result "1-0"]
[Board "163"]
[TimeControl "180+1"]
[WhiteFideId "2016192"]
[BlackFideId "2109450"]
[WhiteElo "3262"]
[BlackElo "2805"]
[WhiteTeam "USA"]
[BlackTeam "BRA"]
[WhiteClock "0:00:40"]
[BlackClock "0:00:01"]

1. e4 c6 2. Nc3 d5 3. Nf3 dxe4 4. Nxe4 Bg4 5. Neg5 Bh5 6. Be2 h6 7. Ne4 e6 8. Ng3 Bxf3 9. Bxf3 Nf6 10. d4 Bd6 11. O-O O-O 12. c3 Qc7 13. Re1 Nbd7 14. Nf1 Rfe8 15. g3 Rad8 16. Ne3 e5 17. Nc4 Bf8 18. Be3 exd4 19. Bxd4 Bc5 20. Rxe8+ Rxe8 21. b4 Bxd4 22. Qxd4 Ne5 23. Nxe5 Qxe5 24. Qd2 a6 25. Qd3 h5 26. h4 g6 27. Rd1 Kg7 28. Kg2 Re7 29. Qd8 Qc7 30. a4 Qxd8 31. Rxd8 Rd7 32. Rb8 Ng4 33. a5 Kf6 34. Be2 Ke5 35. Re8+ Kd6 36. Bxg4 hxg4 37. f3 gxf3+ 38. Kxf3 c5 39. g4 cxb4 40. cxb4 Rc7 41. h5 Rc3+ 42. Kf4 Rh3 43. Kg5 gxh5 44. gxh5 Kd5 45. h6 Kc4 46. Re4+ 1-0

[Event "January 9 Early 2024"]
[Site "https://www.chess.com"]
[Date "2024.01.11"]
[Round "3"]
[White "Daneshvar, Bardiya"]
[Black "Tejedor Fuente, Enrique"]
[Result "1-0"]
[Board "164"]
[TimeControl "180+1"]
[WhiteFideId "12576468"]
[BlackFideId "2299100"]
[WhiteElo "2954"]
[BlackElo "2712"]
[WhiteTeam "IRI"]
[BlackTeam "ESP"]
[WhiteClock "0:01:06"]
[BlackClock "0:00:01"]

1. b3 d5 2. Bb2 e6 3. Nf3 Nf6 4. c4 c5 5. e3 Nc6 6. cxd5 Nxd5 7. Nc3 Ndb4 8. Qb1 Be7 9. h4 h6 10. a3 Na6 11. Ne4 f5 12. Ng3 O-O 13. Nh5 Rf7 14. Bb5 Nab8 15. Rg1 a6 16. Be2 Nd7 17. g4 fxg4 18. Rxg4 Nf6 19. Qg6 Qf8 20. Bd3 e5 21. Nxf6+ Rxf6 22. Qh7+ Kf7 23. Bc4+ Ke8 24. Rxg7 Rxf3 25. Rg8 Bd7 26. Rxf8+ Rxf8 27. Qxh6 Kd8 28. Bd5 Kc7 29. Bxc6 Bxc6 30. Qe6 Rae8 31. Qxe5+ Kd7 32. Qh2 Bd6 33. Qh3+ Kc7 34. h5 Rg8 35. O-O-O Bd7 36. Qh4 Be7 37. Bf6 Bd6 38. h6 Rgf8 39. h7 Be6 40. h8=Q Rxh8 41. Bxh8 Bxb3 42. Rg1 c4 43. Bc3 Bxa3+ 44. Kb1 Kb8 45. Rg7 Ka8 46. Qh7 Rb8 47. Rg8 Rxg8 48. Qxg8+ Ka7 49. Bd4+ b6 50. Qf7+ Kb8 51. Bxb6 Bd6 52. Qd7 Bh2 53. f4 c3 54. Qc7+ 1-0

[Event "January 9 Early 2024"]
[Site "https://www.chess.com"]
[Date "2024.01.11"]
[Round "3"]
[White "Antal, Gergely"]
[Black "Dmitrenko, Viktor"]
[Result "0-1"]
[Board "165"]
[TimeControl "180+1"]
[WhiteFideId "717312"]
[BlackFideId "14110270"]
[WhiteElo "2617"]
[BlackElo "2449"]
[WhiteTeam "HUN"]
[BlackTeam "UKR"]
[WhiteClock "0:00:06"]
[BlackClock "0:00:14"]

1. e4 e6 2. d4 d5 3. Nd2 Nf6 4. e5 Nfd7 5. Bd3 c5 6. c3 Nc6 7. Ne2 cxd4 8. cxd4 f6 9. exf6 Qxf6 10. O-O Bd6 11. Nf3 h6 12. Ng3 O-O 13. Nh5 Qf7 14. Nh4 Ne7 15. Bc2 e5 16. dxe5 Nxe5 17. Nf4 g5 18. Nxd5 Nxd5 19. Bb3 Be6 20. f4 gxh4 21. f5 Bc5+ 22. Kh1 h3 23. Bxh6 Ne3 24. Bxe3 hxg2+ 25. Kxg2 Bxb3 26. axb3 Bxe3 27. Ra4 Rad8 28. Qe1 Qd5+ 29. Kh3 Kf7 30. Qxe3 Rh8+ 31. Rh4 Rxh4+ 32. Kxh4 Rh8+ 33. Kg3 Rg8+ 34. Kh4 Qg2 35. Rf4 Rh8# 0-1

[Event "January 9 Early 2024"]
[Site "https://www.chess.com"]
[Date "2024.01.11"]
[Round "3"]
[White "Acosta Cruz, Oscar Yosimar"]
[Black "Astafurov, Arseniy"]
[Result "0-1"]
[Board "166"]
[TimeControl "180+1"]
[WhiteFideId "5111269"]
[BlackFideId "24175218"]
[WhiteElo "2185"]
[BlackElo "2540"]
[WhiteTeam "MEX"]
[BlackTeam "RUS"]
[WhiteClock "0:00:32"]
[BlackClock "0:00:13"]

1. e4 e6 2. d4 d5 3. Bd3 dxe4 4. Bxe4 Nf6 5. Bf3 c5 6. Ne2 Nc6 7. Be3 cxd4 8. Nxd4 Ne5 9. Be2 a6 10. O-O Bd6 11. c4 Qc7 12. Nd2 O-O 13. Rc1 Ng6 14. N2f3 e5 15. Nb3 e4 16. c5 exf3 17. cxd6 fxe2 18. dxc7 exd1=Q 19. Rfxd1 Be6 20. Nc5 Bd5 21. Bd4 Bc6 22. Bxf6 gxf6 23. g3 Kg7 24. Nd7 Bxd7 25. Rxd7 Rac8 26. f4 Rfe8 27. Kf2 Nf8 28. Rd6 Re7 29. Kf3 Rexc7 30. Rcd1 Ne6 31. h4 Rc6 32. Rd7 R8c7 33. R7d3 f5 34. Rd5 Kf6 35. a4 Rb6 36. R1d2 Rb3+ 37. Kg2 Rc4 38. a5 Ra4 39. Rd7 Ra2 40. R2d6 Rbxb2+ 0-1

[Event "January 9 Early 2024"]
[Site "https://www.chess.com"]
[Date "2024.01.11"]
[Round "3"]
[White "Wendt, Jan-Dietrich"]
[Black "Dahlgren, James Allen"]
[Result "1-0"]
[Board "167"]
[TimeControl "180+1"]
[WhiteFideId "4623797"]
[BlackFideId "22256873"]
[WhiteElo "2356"]
[BlackElo "2088"]
[WhiteTeam "GER"]
[BlackTeam "ESP"]
[WhiteClock "0:00:33"]
[BlackClock "0:00:01"]

1. Nf3 d5 2. c4 c5 3. cxd5 Nf6 4. e4 e5 5. Nc3 Bd6 6. Bb5+ Nbd7 7. a4 O-O 8. O-O a6 9. Bc4 Re8 10. d3 Nf8 11. Be3 b6 12. Nd2 Ng4 13. Ba2 Nxe3 14. fxe3 Qg5 15. Qf3 Ra7 16. Nc4 Qh6 17. Nxb6 Ng6 18. Bc4 Nh4 19. Qg3 f5 20. Nxc8 Rxc8 21. exf5 e4 22. Qh3 Nf3+ 23. Rxf3 exf3 24. Qxh6 gxh6 25. Ne4 Be5 26. gxf3 Bxb2 27. Rb1 Be5 28. f4 Bg7 29. f6 Bf8 30. d6+ Kh8 31. Rb6 Rd8 32. Kf2 Rad7 33. Be6 Rxd6 34. Nxd6 Rxd6 35. Rxd6 Bxd6 36. Kf3 a5 37. e4 1-0

[Event "January 9 Early 2024"]
[Site "https://www.chess.com"]
[Date "2024.01.11"]
[Round "3"]
[White "Blokhin, Sofia"]
[Black "Szalay, Karoly"]
[Result "0-1"]
[Board "168"]
[TimeControl "180+1"]
[WhiteFideId "4508190"]
[BlackFideId "2600544"]
[WhiteElo "2287"]
[BlackElo "2582"]
[WhiteTeam "EST"]
[BlackTeam "CAN"]
[WhiteClock "0:00:09"]
[BlackClock "0:00:17"]

1. d4 d5 2. c4 e6 3. Nc3 c6 4. Nf3 Nf6 5. e3 Nbd7 6. Bd3 Bd6 7. O-O O-O 8. Qc2 Qe7 9. Re1 e5 10. dxe5 Nxe5 11. Nxe5 Bxe5 12. g3 Bg4 13. f4 Bc7 14. e4 dxc4 15. Bf1 b5 16. e5 Nd5 17. Ne4 Bb6+ 18. Kg2 Bf5 19. b3 c3 20. Bd3 h6 21. a3 a5 22. h3 b4 23. a4 Bxe4+ 24. Bxe4 Rfd8 25. g4 Rd7 26. Bf5 Rdd8 27. e6 fxe6 28. Bxe6+ Kh8 29. Re2 Qc5 30. Bxd5 Qg1+ 31. Kf3 Rxd5 32. Be3 Qxa1 33. Bxb6 Qf1+ 34. Rf2 Qxh3+ 35. Ke2 Re8+ 0-1

[Event "January 9 Early 2024"]
[Site "https://www.chess.com"]
[Date "2024.01.11"]
[Round "3"]
[White "Chemin, Justo Reinaldo"]
[Black "Taboas Rodriguez, Daniel"]
[Result "1/2-1/2"]
[Board "169"]
[TimeControl "180+1"]
[WhiteFideId "2101580"]
[BlackFideId "2208466"]
[WhiteElo "2235"]
[BlackElo "2535"]
[WhiteTeam "BRA"]
[BlackTeam "ESP"]
[WhiteClock "0:00:10"]
[BlackClock "0:00:27"]

1. d4 Nf6 2. Nf3 g6 3. Bf4 Bg7 4. e3 O-O 5. Nbd2 c5 6. c3 b6 7. h3 Bb7 8. Bd3 Nc6 9. Qe2 d6 10. Ba6 Qc8 11. Bxb7 Qxb7 12. O-O Rfe8 13. Bh2 Rad8 14. Rfd1 b5 15. dxc5 dxc5 16. Nb3 Ne4 17. Nfd2 Nxd2 18. Rxd2 Rxd2 19. Qxd2 Rd8 20. Qe2 c4 21. Nd4 e5 22. Nxc6 Qxc6 23. Rd1 Rd7 24. Bg3 e4 25. Qc2 f5 26. b3 Rd3 27. bxc4 Qxc4 28. Qe2 Bxc3 29. Rc1 b4 30. Qc2 a5 31. Qa4 Qd5 32. Qe8+ Kg7 33. Rxc3 bxc3 34. Be5+ Kh6 35. Qf8+ Kh5 36. g4+ fxg4 37. hxg4+ Kxg4 38. Qf4+ Kh5 39. Qh2+ Kg5 40. Qf4+ Kh5 41. Qh2+ Kg4 42. Qf4+ Kh5 1/2-1/2

[Event "January 9 Early 2024"]
[Site "https://www.chess.com"]
[Date "2024.01.11"]
[Round "3"]
[White "Szyszylo, Rafal"]
[Black "Sailer, Mike"]
[Result "1-0"]
[Board "170"]
[TimeControl "180+1"]
[WhiteFideId "1109626"]
[BlackFideId "2012901"]
[WhiteElo "2406"]
[BlackElo "2187"]
[WhiteTeam "POL"]
[BlackTeam "USA"]
[WhiteClock "0:00:17"]
[BlackClock "0:00:08"]

1. e4 d5 2. exd5 Qxd5 3. Nc3 Qd6 4. d4 c6 5. Nf3 Bg4 6. Be3 Nf6 7. h3 Bh5 8. g4 Bg6 9. Bg2 e6 10. Ne5 Nbd7 11. Nc4 Qc7 12. h4 h6 13. Qe2 b5 14. Ne5 Nxe5 15. dxe5 Nd5 16. Nxd5 exd5 17. f4 Be4 18. Bxe4 dxe4 19. Qg2 h5 20. g5 Rd8 21. Qxe4 Bb4+ 22. c3 Ba5 23. g6 Bb6 24. O-O Bxe3+ 25. Qxe3 fxg6 26. Qe4 Qf7 27. Qxc6+ Kf8 28. e6 Qf5 29. Rae1 Qg4+ 30. Qg2 Qxh4 31. e7+ Kg8 32. exd8=Q+ Qxd8 33. Qxg6 1-0

[Event "January 9 Early 2024"]
[Site "https://www.chess.com"]
[Date "2024.01.11"]
[Round "3"]
[White "Tarhan, Adar"]
[Black "Kleibel, Uwe"]
[Result "0-1"]
[Board "171"]
[TimeControl "180+1"]
[WhiteFideId "34544712"]
[BlackFideId "1270982"]
[WhiteElo "2693"]
[BlackElo "2378"]
[WhiteTeam "TUR"]
[BlackTeam "GER"]
[WhiteClock "0:00:19"]
[BlackClock "0:00:09"]

1. d4 d5 2. Nf3 Nf6 3. c4 e6 4. Nc3 Be7 5. Bf4 O-O 6. e3 b6 7. Rc1 Ba6 8. cxd5 Bxf1 9. Kxf1 exd5 10. Nb5 Bd6 11. Bxd6 cxd6 12. Nc7 Nbd7 13. Nxa8 Qxa8 14. g3 Ne4 15. Kg2 Ndf6 16. Rc7 Ng4 17. Qa4 Ngxf2 18. Qxa7 Qxa7 19. Rxa7 Nxh1 20. Kxh1 Rc8 21. Rb7 f6 22. Rxb6 Rc2 23. Kg1 g5 24. g4 Nf2 25. a4 Nh3+ 26. Kh1 Nf2+ 27. Kg2 Nxg4+ 28. Kg3 Nxe3 29. a5 Rg2+ 30. Kh3 g4+ 31. Kh4 gxf3 32. a6 f2 33. a7 Nf5+ 34. Kh3 f1=Q 35. a8=Q+ Kg7 36. Qxd5 Rg3# 0-1

[Event "January 9 Early 2024"]
[Site "https://www.chess.com"]
[Date "2024.01.11"]
[Round "3"]
[White "Smirnov, Alexandr A."]
[Black "Kadric, Denis"]
[Result "0-1"]
[Board "172"]
[TimeControl "180+1"]
[WhiteFideId "24104396"]
[BlackFideId "14403803"]
[WhiteElo "2661"]
[BlackElo "2909"]
[WhiteTeam "RUS"]
[BlackTeam "MNE"]
[WhiteClock "0:00:15"]
[BlackClock "0:00:06"]

1. e4 d6 2. d4 Nf6 3. Nc3 e5 4. Nf3 Nbd7 5. Bc4 Be7 6. O-O O-O 7. a4 c6 8. a5 exd4 9. Qxd4 Qc7 10. b3 Ne5 11. Be2 Bg4 12. Nxe5 dxe5 13. Qe3 Bb4 14. Bxg4 Nxg4 15. Qg3 Bxa5 16. b4 Bxb4 17. Na2 Nxf2 18. Qxf2 Ba5 19. Qg3 f6 20. Ba3 Rf7 21. Rad1 Rd8 22. Rxd8+ Qxd8 23. Qg4 Qd7 24. Qe2 Qd4+ 25. Kh1 Rd7 26. h3 Rd8 27. Qg4 Qc4 28. Ra1 h6 29. Be7 h5 30. Qg6 Rc8 31. Bxf6 Rc7 32. Bxe5 Rf7 33. Rd1 Qxa2 34. Qe6 Qxe6 0-1